 Dungeon Crawl Stone Soup version 0.22-a0-448-g1fb7470 (webtiles) character file.

68 xccam the Ruffian (level 4, -6/35 HPs)
             Began as a Draconian Transmuter on June 4, 2018.
             Mangled by an iguana (14 damage)
             ... on level 3 of the Dungeon.
             The game lasted 00:03:08 (1434 turns).

xccam the Ruffian (Draconian Transmuter)            Turns: 1434, Time: 00:03:09

Health: -6/35      AC:  7    Str: 11 (13) XL:     4   Next: 1%
Magic:  7/8        EV: 12    Int: 12 (14) God:
Gold:   78         SH:  0    Dex:  9 (11) Spells: 5/8 levels left

rFire    . . .     SeeInvis .     - Unarmed
rCold    . . .     Gourm    .   (no shield)
rNeg     . . .     Faith    .   (armour unavailable)
rPois    .         Spirit   .   (helmet restricted)
rElec    .         Reflect  .   (no cloak)
rCorr    .         Harm     .   f - +0 pair of gloves
MR       .....                  d - +0 pair of boots
Stlth    +.........             (no amulet)
HPRegen  0.11/turn              (no ring)
MPRegen  0.11/turn              (no ring)

@: appendage, very slightly contaminated
A: unfitting armour, horns 2, cold-blooded, AC +5
a: End Transformation


You were on level 3 of the Dungeon.
You were not hungry.
You had grown temporary horns.
You visited 1 branch of the dungeon, and saw 3 of its levels.

You collected 78 gold pieces.

Inventory:

Missiles
 a - 70 arrows
Armour
 d - a +0 pair of boots (worn)
 f - a +0 pair of gloves (worn)
Scrolls
 b - 3 scrolls of teleportation {unknown}
 g - 4 scrolls of identify {unknown}
 i - 4 scrolls of remove curse {unknown}
 l - a scroll of immolation {unknown}
 n - 2 scrolls of fear {unknown}
Potions
 e - 2 potions of berserk rage
 h - a potion of degeneration
Comestibles
 c - 5 rations
 j - a chunk of flesh


   Skills:
 - Level 1.1 Fighting
 - Level 1.7 Dodging
 + Level 3.4 Unarmed Combat
 * Level 2.9 Spellcasting
 * Level 3.1 Transmutations


You had 5 spell levels left.
You knew the following spells:

 Your Spells              Type           Power        Failure   Level  Hunger
a - Beastly Appendage     Tmut           #.....       7%          1    #......
b - Sticks to Snakes      Tmut           #.......     11%         2    ###....

Your spell library contained the following spells:

 Spells                   Type           Power        Failure   Level  Hunger
 Spider Form              Tmut/Pois      #.........   36%         3    ###....
 Blade Hands              Tmut           #.........   88%         5    ######.
 Ice Form                 Ice/Tmut       #.......     78%         4    #####..


Dungeon Overview and Level Annotations

Branches:
Dungeon (3/15)

Altars:


Innate Abilities, Weirdness & Mutations

Your plain brown scales are hard. (AC +5)
You cannot fit into any form of body armour.
You are cold-blooded and may be slowed by cold attacks.
You have a pair of horns on your head.


Message History

You hear a splashing noise.
The iguana splashes around in the water.
You closely miss the iguana. You headbutt the iguana.
The iguana is moderately wounded.
You hear a splashing noise.
The iguana barely misses you.
You hit the iguana.
Your tail-slap misses the iguana.
The iguana is severely wounded.
You hear a splashing noise.
The iguana splashes around in the water.
You hit the iguana but do no damage.
The iguana is severely wounded.
Something hits the plant but does no damage.
The iguana bites you!
* * * LOW HITPOINT WARNING * * *
You hit the iguana.
The iguana is almost dead.
Something hits the plant but does no damage.
The iguana bites you!
You die...

# ###..≈♣≈≈≈≈≈≈
##..≈♣P≈≈≈≈≈
########<.≈≈≈≈≈≈≈≈≈
#.........♣≈≈P≈≈≈≈≈
#.######..≈≈≈≈≈≈≈≈≈≈
#..≈♣≈≈≈≈≈≈≈≈≈
#..♣♣≈≈≈≈≈≈≈≈≈
##.PPP≈≈≈≈≈≈≈≈
#@♣≈P≈≈≈≈≈≈≈P
#.l♣≈≈≈≈≈≈≈≈≈
#.♣≈≈≈♣≈≈≈≈≈≈
#.#♣≈≈≈≈≈≈≈P≈
#.#♣P≈≈≈≈≈≈≈≈
#..♣≈P♣≈P≈♣≈≈
###P♣P≈ ≈P≈≈≈ ##≈≈≈≈
≈P≈≈ ♣≈♣PP ≈♣P


You could see an iguana.

Vanquished Creatures
  2 adders (D:2)
  2 worms (D:2)
  A dart slug (D:2)
  3 leopard geckos
  6 bats
  2 giant cockroaches
  5 goblins
  6 hobgoblins
  4 kobolds
  5 frilled lizards
  3 rats
  2 toadstools (D:1)
41 creatures vanquished.

Vanquished Creatures (others)
  2 toadstools (D:1)
2 creatures vanquished.

Grand Total: 43 creatures vanquished

Notes
Turn   | Place    | Note
-------+----------+-------------------------------------------
     0 | D:1      | xccam the Draconian Transmuter began the quest for the Orb.
     0 | D:1      | Reached XP level 1. HP: 16/16 MP: 3/3
   186 | D:1      | Reached XP level 2. HP: 23/23 MP: 5/5
   206 | D:1      | Learned a level 2 spell: Sticks to Snakes
   554 | D:2      | Reached XP level 3. HP: 28/28 MP: 6/6
   920 | D:2      | HP: 2/42 [poisoned by an adder]
   925 | D:2      | HP: 2/42 [poisoned by an adder]
  1386 | D:3      | Reached XP level 4. HP: 35/35 MP: 8/8
  1434 | D:3      | Mangled by an iguana

Vault maps used:
D:1:      ldierk_water_garden, minmay_misc_feat_four_crosses
D:3:      serial_bayou_lake_a

Skill      XL: |  1  2  3 |
---------------+----------+-----
Transmutations | 3 |  3.1
Fighting       | |  1.1
Dodging        | |  1.7
Unarmed Combat | |  3.4
Spellcasting   | |  2.9

Action                   |  1- 3 |  4- 6 || total
-------------------------+-------+-------++-------
Melee: Unarmed           |   179 |    16 ||   195
       Tailslap          |    12 |     3 ||    15
       Headbutt          |     1 |     1 ||     2
       Punch             |     1 |       ||     1
 Cast: Beastly Appendage |     1 |     1 ||     2
  Use: Potion            |     4 |       ||     4
  Eat: Chunk             |     2 |       ||     2
Armor: Skin              |    56 |     2 ||    58
Dodge: Dodged            |   101 |     5 ||   106

Table legend:
 A = Spawn XP
 B = Non-spawn XP
 C = Spawn XP percentage of total XP
 D = Spawn monster count
 E = Non-spawn monster count
 F = Spawn count percentage of total count
 G = Total turns spent on level
                    A         B        C        D         E        F      G
               +---------+---------+-------+---------+---------+-------+---------
         Total |       0 |      98 |   0.0 |       0 |      39 |   0.0 |  1434
               +---------+---------+-------+---------+---------+-------+---------
           D:1 |       0 |      25 |   0.0 |       0 |      15 |   0.0 |   443
           D:2 |       0 |      64 |   0.0 |       0 |      18 |   0.0 |   864
           D:3 |       0 |       9 |   0.0 |       0 |       6 |   0.0 |   127
               +---------+---------+-------+---------+---------+-------+---------
